[Event "Titled Tuesday Blitz March 21 Late 2023"]
[White "Duda, Jan-Krzysztof"]
[Black "Timofeev, Artyom"]
[WhiteFideId "1170546"]
[BlackFideId "4140419"]
[WhiteElo "2790"]
[BlackElo "2586"]
[Result "1-0"]
[Round "11"]
[TimeControl "180+2"]
[Date "2023.03.21"]
[WhiteClock "0:00:13"]
[BlackClock "0:00:04"]

1. b4 e5 2. Bb2 Bxb4 3. Bxe5 Nf6 4. e3 O-O 5. Nf3 d5 6. c4 Nc6 7. Bb2 Bg4 8. a3 Be7 9. cxd5 Nxd5 10. Be2 Bf6 11. d4 Re8 12. O-O Na5 13. h3 Bh5 14. Ne1 Bxe2 15. Qxe2 c5 16. dxc5 Nb3 17. Ra2 Nxc5 18. Nd3 Ne4 19. Nb4 a5 20. Nxd5 Qxd5 21. Bxf6 Nxf6 22. Nc3 Qc6 23. Nb5 Rad8 24. Rb2 Ne4 25. Rc2 Qg6 26. Rfc1 h6 27. Nd4 Qf6 28. Rc7 Re7 29. Qf3 Rxc7 30. Rxc7 Qxf3 31. gxf3 Nd6 32. a4 Rb8 33. Rc5 b6 34. Rc6 Nc8 35. f4 Ne7 36. Rd6 Kf8 37. f5 Ke8 38. f6 gxf6 39. Rxf6 Ng8 40. Rd6 Ke7 41. Nf5+ Ke8 42. Nxh6 Nxh6 43. Rxh6 Ke7 44. Kg2 b5 45. axb5 Rxb5 46. Ra6 f5 47. Kg3 Kf7 48. Kf4 Ke7 49. h4 Kf7 50. h5 Kg7 51. Kg5 f4+ 52. Kxf4 Rxh5 53. e4 Rb5 54. e5 Kf7 55. Kf5 Ke7 56. f4 Kd8 57. Kf6 Kc7 58. e6 Kb7 59. e7 1-0


[Site "https://www.chess.com"]

[Event "Titled Tuesday Blitz March 21 Late 2023"]
[White "Bortnyk, Olexandr"]
[Black "Bartel, Mateusz"]
[WhiteFideId "14120828"]
[BlackFideId "1112635"]
[WhiteElo "2734"]
[BlackElo "2521"]
[Result "1-0"]
[Round "11"]
[TimeControl "180+2"]
[Date "2023.03.21"]
[WhiteClock "0:00:27"]
[BlackClock "0:00:01"]

1. d4 d5 2. Nc3 e6 3. Bf4 a6 4. e3 Nf6 5. a3 c5 6. Nf3 Nc6 7. h3 Bd6 8. dxc5 Bxc5 9. Bd3 Qe7 10. O-O h6 11. e4 d4 12. Ne2 e5 13. Bh2 O-O 14. Qd2 Bd7 15. Ng3 Rfd8 16. Rae1 Qf8 17. Nf5 Bxf5 18. exf5 Re8 19. Nxe5 Bd6 20. Nxc6 Bxh2+ 21. Kxh2 Qd6+ 22. Ne5 Rxe5 23. Qf4 Rae8 24. Rxe5 Qxe5 25. Qxe5 Rxe5 26. g4 Kf8 27. Rd1 Ke7 28. Kg3 Kd6 29. Bc4 Kc5 30. Bxf7 Re2 31. b4+ Kc6 32. Rxd4 Rxc2 33. Rc4+ Rxc4 34. Bxc4 Ne4+ 35. Kg2 Kd6 36. f4 Ke7 37. Bd5 Nd6 38. a4 b6 39. a5 bxa5 40. bxa5 Nb5 41. Bb7 Nd4 42. Bxa6 Nc6 43. h4 Nxa5 44. g5 Nc6 45. Kg3 Kf8 46. Bc4 Ne7 47. Be6 h5 48. Kf3 Nc6 49. Ke4 Nb4 50. Bc4 Nc2 51. Be2 Ne1 52. Bf3 Ke7 53. Ke3 Nc2+ 54. Ke4 Ne1 55. Bxh5 Ng2 56. Bg4 Nxh4 57. Bh3 Kf7 58. Ke3 Kg8 59. Kf2 1-0


[Site "https://www.chess.com"]

[Event "Titled Tuesday Blitz March 21 Late 2023"]
[White "Averjanov, Alexey"]
[Black "Deac, Bogdan-Daniel"]
[WhiteFideId "14109867"]
[BlackFideId "1226380"]
[WhiteElo "2801"]
[BlackElo "2649"]
[Result "0-1"]
[Round "11"]
[TimeControl "180+2"]
[Date "2023.03.21"]
[WhiteClock "0:00:03"]
[BlackClock "0:00:08"]

1. d4 Nf6 2. c4 e6 3. Nf3 b6 4. g3 Ba6 5. Nbd2 d5 6. b3 c5 7. Bb2 Nc6 8. dxc5 bxc5 9. cxd5 exd5 10. Bg2 Rc8 11. O-O Be7 12. Re1 O-O 13. a3 Qb6 14. Qc2 Bb7 15. Qf5 Rcd8 16. Ng5 g6 17. Qf4 Nh5 18. Qh4 h6 19. Ndf3 hxg5 20. Nxg5 Nd4 21. g4 Ne6 22. f4 Nxg5 23. fxg5 Ng7 24. Rad1 f6 25. Rd3 c4+ 26. Bd4 Bc5 27. Rh3 Bxd4+ 28. Kh1 Kf7 29. gxf6 Bxf6 30. g5 Nf5 31. Qf4 Bg7 32. bxc4 Qd4 33. Qc7+ Kg8 34. Qxb7 Qxc4 35. Rd1 d4 36. Rhd3 Qe6 37. Qxa7 Ne3 38. Rg1 Nxg2 39. Rxg2 Rf1+ 40. Rg1 Qe4+ 41. Rf3 Rxf3 42. exf3 Qxf3+ 43. Rg2 d3 44. Qb6 Re8 45. Qb3+ Kh8 46. h4 Re1+ 47. Kh2 Be5+ 48. Rg3 Qxg3# 0-1


[Site "https://www.chess.com"]

[Event "Titled Tuesday Blitz March 21 Late 2023"]
[White "Adewumi, Tanitoluwa"]
[Black "Makarian, Rudik"]
[WhiteFideId "30966396"]
[BlackFideId "44105681"]
[WhiteElo "2775"]
[BlackElo "2436"]
[Result "0-1"]
[Round "11"]
[TimeControl "180+2"]
[Date "2023.03.21"]
[WhiteClock "0:00:22"]
[BlackClock "0:02:06"]

1. e4 c5 2. Nf3 Nc6 3. Bb5 e6 4. Bxc6 bxc6 5. b3 f6 6. Nh4 Nh6 7. Bb2 Nf7 8. O-O d5 9. exd5 cxd5 10. Re1 Be7 11. d4 O-O 12. dxc5 Bxc5 13. Nd2 e5 14. c4 d4 15. Ne4 Bb4 16. Rf1 f5 17. a3 fxe4 0-1


[Site "https://www.chess.com"]

[Event "Titled Tuesday Blitz March 21 Late 2023"]
[White "Zierk, Steven"]
[Black "Bilych, Olexiy"]
[WhiteFideId "2034255"]
[BlackFideId "14156504"]
[WhiteElo "2494"]
[BlackElo "2320"]
[Result "0-1"]
[Round "11"]
[TimeControl "180+2"]
[Date "2023.03.21"]
[WhiteClock "0:00:05"]
[BlackClock "0:00:04"]

1. e4 c5 2. Nf3 e6 3. d4 cxd4 4. Nxd4 Nc6 5. Nc3 Qc7 6. Be3 a6 7. Qd2 Nf6 8. f3 b5 9. g4 Bb4 10. O-O-O Ne5 11. a3 Bxc3 12. Qxc3 Qxc3 13. bxc3 h6 14. Be2 Bb7 15. Bf4 d6 16. Nb3 Ke7 17. Na5 Rab8 18. c4 Rhc8 19. Rxd6 Kxd6 20. Rd1+ Bd5 21. cxd5 exd5 22. exd5 Nxd5 23. c4 Rc5 24. Rxd5+ Rxd5 25. cxd5 Rc8+ 26. Kd2 Kxd5 27. Be3 g5 28. f4 Ke4 29. Nb7 Nf3+ 30. Bxf3+ Kxf3 31. fxg5 Re8 32. Bc5 hxg5 33. Nd6 Re2+ 34. Kc3 Rxh2 35. Nxf7 Kxg4 36. Kb4 Rh7 37. Nd6 Rc7 38. Ne4 Kf5 39. Nc3 g4 40. Nd5 Rd7 41. Nb6 Rd3 42. Ka5 Rc3 43. Kb4 Rc1 44. Be3 Re1 45. Bc5 g3 46. Ka5 Rc1 47. Bd4 Rd1 48. Bc5 Rc1 49. Bd4 Ke4 50. Bb2 Rb1 51. Bc3 g2 52. Kxa6 g1=Q 53. Bb4 Rb3 54. Kxb5 Qf1+ 55. Kc5 Qa6 56. Nc4 Kf4 57. Kd4 Qf6+ 58. Kc5 Rd3 59. Nb6 Qd6+ 60. Kb5 Qe6 61. a4 Rb3 62. a5 Qe4 63. Ka6 Qxb4 64. Nd5+ Ke5 65. Nxb4 Rxb4 66. Ka7 Kd6 67. a6 Kc6 68. Ka8 Kb6 69. a7 Re4 0-1


[Site "https://www.chess.com"]

[Event "Titled Tuesday Blitz March 21 Late 2023"]
[White "Korchmar, Vasiliy"]
[Black "Zhigalko, Sergei"]
[WhiteFideId "24131750"]
[BlackFideId "13502956"]
[WhiteElo "2370"]
[BlackElo "2626"]
[Result "0-1"]
[Round "11"]
[TimeControl "180+2"]
[Date "2023.03.21"]
[WhiteClock "0:00:01"]
[BlackClock "0:00:12"]

1. e4 Nf6 2. e5 Nd5 3. d4 Nb6 4. Nf3 d5 5. Bd3 Bg4 6. h3 Bxf3 7. Qxf3 e6 8. Qg3 c5 9. dxc5 N6d7 10. b4 Nc6 11. a3 Ncxe5 12. Bb5 a6 13. Ba4 Nc4 14. O-O Be7 15. Nd2 Nxd2 16. Bxd2 Bf6 17. Rad1 O-O 18. Bf4 b5 19. cxb6 e5 20. Rxd5 exf4 21. Qd3 Nxb6 22. Rxd8 Rfxd8 23. Qb3 Rac8 24. b5 a5 25. Qf3 Nxa4 26. Qxf4 Nc3 27. Qf5 Rb8 28. a4 Nxa4 29. c4 Rdc8 30. Rc1 Nc3 0-1


[Site "https://www.chess.com"]

[Event "Titled Tuesday Blitz March 21 Late 2023"]
[White "Vetoshko, Volodymyr"]
[Black "Rustemov, Alexander"]
[WhiteFideId "14122480"]
[BlackFideId "4119002"]
[WhiteElo "2422"]
[BlackElo "2869"]
[Result "1/2-1/2"]
[Round "11"]
[TimeControl "180+2"]
[Date "2023.03.21"]
[WhiteClock "0:00:03"]
[BlackClock "0:00:02"]

1. e4 e6 2. d4 d5 3. Nd2 dxe4 4. Nxe4 Bd7 5. Nf3 Bc6 6. Bd3 Nd7 7. Qe2 Ngf6 8. Bg5 Be7 9. Bxf6 Nxf6 10. O-O-O Nxe4 11. Bxe4 Bxe4 12. Qxe4 Qd5 13. Qxd5 exd5 14. Rhe1 f6 15. Re2 Kf7 16. Ne1 Bd6 17. h3 Bf4+ 18. Kb1 Rae8 19. Rxe8 Rxe8 20. Nd3 Bd6 21. Kc1 Re2 22. Re1 Bf4+ 23. Kb1 Rxe1+ 24. Nxe1 Ke6 25. c3 Kf5 26. Kc2 Ke4 27. Nd3 b6 28. Nxf4 Kxf4 29. Kd3 h5 30. a4 h4 31. Ke2 Ke4 32. g3 g5 33. f3+ Kf5 34. gxh4 gxh4 35. Ke3 c6 36. f4 Ke6 37. Kf3 f5 38. Ke3 Kd6 39. b4 a6 40. Kd3 c5 41. b5 a5 42. Ke3 c4 43. Kd2 Ke7 44. Ke2 Kf6 45. Kf3 Ke6 46. Ke3 1/2-1/2


[Site "https://www.chess.com"]

[Event "Titled Tuesday Blitz March 21 Late 2023"]
[White "Skvortsov, Andrei"]
[Black "Plat, Vojtech"]
[WhiteFideId "24108600"]
[BlackFideId "325740"]
[WhiteElo "2259"]
[BlackElo "2542"]
[Result "1-0"]
[Round "11"]
[TimeControl "180+2"]
[Date "2023.03.21"]
[WhiteClock "0:01:54"]
[BlackClock "0:01:27"]

1. e4 c5 2. d4 cxd4 3. Qxd4 Nc6 4. Qd3 g6 5. Nc3 Bg7 6. Nf3 Nf6 7. Be2 O-O 8. O-O d6 9. Nd5 Nxd5 10. exd5 Bf5 11. Qd1 Nb4 12. c3 Nc2 13. g4 Bxg4 14. Qxc2 Qd7 15. Qe4 Bf5 16. Qh4 f6 17. Nd4 g5 18. Qg3 Bh3 19. Re1 Kh8 20. Bb5 Qc8 21. Rxe7 a6 22. Bd3 Bd7 23. Ne6 Bxe6 24. dxe6 Qc5 25. Be3 Qd5 26. Bd4 Rae8 27. Qh3 h6 28. Rxe8 Rxe8 29. Qf5 Qxe6 30. Qh7# 1-0


[Site "https://www.chess.com"]

[Event "Titled Tuesday Blitz March 21 Late 2023"]
[White "Martinez Alcantara, Jose Eduardo"]
[Black "Diaz Perez, Michel Alejandro"]
[WhiteFideId "3805662"]
[BlackFideId "3517179"]
[WhiteElo "2712"]
[BlackElo "2333"]
[Result "1-0"]
[Round "11"]
[TimeControl "180+2"]
[Date "2023.03.21"]
[WhiteClock "0:01:28"]
[BlackClock "0:00:44"]

1. c4 Nf6 2. g3 e6 3. Bg2 d5 4. Nf3 Be7 5. O-O O-O 6. b3 b6 7. Bb2 Bb7 8. e3 c5 9. Qe2 Qc8 10. Nc3 Rd8 11. d3 Nc6 12. Rfd1 d4 13. exd4 Nxd4 14. Nxd4 cxd4 15. Bxb7 Qxb7 16. Nb5 Bc5 17. b4 Bxb4 18. Nxd4 Bf8 19. Nf3 Nd7 20. d4 Rac8 21. d5 exd5 22. Rxd5 Nc5 23. Rad1 Re8 24. Qc2 h6 25. Ne5 Qe7 26. Qf5 Qe6 27. Qf3 f6 28. Ng6 Qe4 29. Qh5 Ne6 30. h4 Rxc4 31. Ne5 Rcc8 32. Qf7+ Kh7 33. Nd7 Qg6 34. Nxf6+ 1-0


[Site "https://www.chess.com"]

[Event "Titled Tuesday Blitz March 21 Late 2023"]
[White "Makhnev, Denis"]
[Black "Narayanan.S.L"]
[WhiteFideId "13707647"]
[BlackFideId "5058422"]
[WhiteElo "2525"]
[BlackElo "2547"]
[Result "0-1"]
[Round "11"]
[TimeControl "180+2"]
[Date "2023.03.21"]
[WhiteClock "0:00:03"]
[BlackClock "0:00:22"]

1. d4 d5 2. c4 c6 3. Nf3 Nf6 4. Qb3 a5 5. Bf4 a4 6. Qc2 dxc4 7. Qxc4 Be6 8. Qc1 g6 9. e3 Bg7 10. Be2 O-O 11. O-O Nbd7 12. Rd1 Qa5 13. Na3 Rfc8 14. Nc4 Bxc4 15. Bxc4 b5 16. Be2 c5 17. d5 Nb6 18. d6 exd6 19. Bxd6 Ne4 20. Be5 Bxe5 21. Nxe5 Re8 22. f4 Rac8 23. Qc2 Nf6 24. Bf3 Nc4 25. Nxc4 bxc4 26. Rd6 Rxe3 27. Kf2 Rd3 28. Rxd3 cxd3 29. Qxd3 c4 30. Qd4 Qa6 31. a3 c3 32. bxc3 Rc4 33. Qe5 Qb6+ 34. Kg3 Rc5 35. Qd4 Kg7 36. Re1 Qc7 37. Re3 Rc4 38. Qe5 Qb6 39. h3 Rc5 40. Qd4 Qc7 41. Rd3 h5 42. Kh2 h4 43. Kh1 Rb5 44. c4 Rb1+ 45. Rd1 Rb3 46. Ra1 Qc8 47. c5 Rxf3 48. gxf3 Qxh3+ 49. Kg1 Qg3+ 50. Kf1 h3 51. Ke2 h2 52. c6 Qg2+ 53. Qf2 h1=Q 54. Rxh1 Qxh1 55. Qc5 Qg2+ 56. Kd1 Qxf3+ 57. Kc1 Qxf4+ 58. Kb2 Qc7 59. Kc2 Ng8 60. Qd4+ Kf8 61. Qd7 Qxd7 0-1


[Site "https://www.chess.com"]

[Event "Titled Tuesday Blitz March 21 Late 2023"]
[White "Hansen, Eric"]
[Black "Drygalov, Andrey"]
[WhiteFideId "2606771"]
[BlackFideId "24171735"]
[WhiteElo "2569"]
[BlackElo "2471"]
[Result "0-1"]
[Round "11"]
[TimeControl "180+2"]
[Date "2023.03.21"]
[WhiteClock "0:00:01"]
[BlackClock "0:00:06"]

1. d4 Nf6 2. Bg5 d5 3. Nd2 c5 4. e3 Nc6 5. c3 e5 6. dxe5 Nxe5 7. Ngf3 Nc6 8. Bb5 Be7 9. O-O O-O 10. Qc2 Be6 11. Rad1 Qb6 12. Bd3 h6 13. Bh4 Rfe8 14. Rfe1 Rac8 15. a3 Qc7 16. c4 Rcd8 17. Bf5 Bxf5 18. Qxf5 Qd7 19. Qc2 b6 20. cxd5 Qxd5 21. Nc4 Qe4 22. Qb3 Rd5 23. Bxf6 gxf6 24. Rxd5 Qxd5 25. e4 Qe6 26. Nh4 Nd4 27. Qd3 f5 28. Nf3 Nxf3+ 29. gxf3 Rd8 30. Qc2 Rd4 31. b3 b5 32. Ne3 fxe4 33. f4 Bd6 34. f5 Qe5 35. Ng4 Qf4 36. Nf6+ Kh8 37. Rxe4 Qxh2+ 38. Kf1 Qh1+ 39. Ke2 Rxe4+ 40. Nxe4 Qh5+ 41. Ke1 Qxf5 42. Qd3 Be7 43. Qe3 Kh7 44. Qd3 Kh8 45. Qe3 Bg5 46. Qd3 Qe5 47. Kf1 Be7 48. Ng3 Qa1+ 49. Kg2 Qe5 50. Qxb5 Qd5+ 51. Kf1 Bd6 52. Qe8+ Kg7 53. Ne4 Be5 54. Ng3 Qd3+ 55. Ne2 Qd1+ 56. Kg2 Qxe2 0-1


[Site "https://www.chess.com"]

[Event "Titled Tuesday Blitz March 21 Late 2023"]
[White "Chigaev, Maksim"]
[Black "Terry, Renato"]
[WhiteFideId "4108116"]
[BlackFideId "3803457"]
[WhiteElo "2547"]
[BlackElo "2579"]
[Result "0-1"]
[Round "11"]
[TimeControl "180+2"]
[Date "2023.03.21"]
[WhiteClock "0:00:01"]
[BlackClock "0:00:48"]

1. f4 d5 2. Nf3 g6 3. g3 Bg7 4. Bg2 Nh6 5. O-O O-O 6. d3 d4 7. c3 c5 8. Kh1 Nc6 9. Qe1 Nf5 10. Na3 Rb8 11. Nc2 b5 12. g4 Nd6 13. f5 gxf5 14. gxf5 Nxf5 15. Bf4 e5 16. Bg5 f6 17. Bd2 Nce7 18. b4 c4 19. dxc4 bxc4 20. Rd1 d3 21. exd3 cxd3 22. Ne3 Be6 23. Nxf5 Nxf5 24. Qe4 Qd5 25. Ng5 Qxe4 26. Nxe4 Nh4 27. Nc5 Bxa2 28. Ra1 Bc4 29. Rxa7 Nxg2 30. Kxg2 Rf7 31. Rfa1 f5 32. Rxf7 Bxf7 33. Kf2 e4 34. Rg1 Kh8 35. h4 Ra8 36. Rg5 Ra2 37. Ke3 Bh6 0-1


[Site "https://www.chess.com"]

[Event "Titled Tuesday Blitz March 21 Late 2023"]
[White "Ismagilov, Damir"]
[Black "Vasquez Schroeder, Rodrigo"]
[WhiteFideId "34199982"]
[BlackFideId "3400042"]
[WhiteElo "2078"]
[BlackElo "2600"]
[Result "1-0"]
[Round "11"]
[TimeControl "180+2"]
[Date "2023.03.21"]
[WhiteClock "0:02:14"]
[BlackClock "0:02:21"]

1. d4 d5 2. Nf3 Nf6 3. Bg5 Ne4 4. Bf4 c5 5. e3 cxd4 6. exd4 Nc6 7. Nbd2 Bf5 8. c3 e6 9. Nxe4 Bxe4 10. Bd3 Qb6 11. Rb1 Bxd3 12. Qxd3 Be7 13. h4 h6 14. h5 Qa6 15. Qxa6 bxa6 16. Ke2 Kd7 17. Kd3 Bd6 18. Bxd6 Kxd6 19. Rhe1 Rab8 20. b4 f6 21. Nd2 e5 22. Nb3 exd4 23. Nxd4 Ne5+ 24. Kc2 Ke7 25. f4 1-0


[Site "https://www.chess.com"]

[Event "Titled Tuesday Blitz March 21 Late 2023"]
[White "Movahed, Sina"]
[Black "Tanenbaum, Zachary"]
[WhiteFideId "42520835"]
[BlackFideId "2060850"]
[WhiteElo "2225"]
[BlackElo "2175"]
[Result "1-0"]
[Round "11"]
[TimeControl "180+2"]
[Date "2023.03.21"]
[WhiteClock "0:01:20"]
[BlackClock "0:00:16"]

1. Nf3 d5 2. g3 Nf6 3. Bg2 c6 4. O-O Bf5 5. d3 Nbd7 6. Nbd2 e5 7. e4 dxe4 8. dxe4 Bg6 9. Nh4 Bh5 10. Qe1 Bc5 11. Nb3 Bb6 12. a4 a5 13. Nf5 O-O 14. Ne3 Bg6 15. Nc4 Bc7 16. Bd2 b6 17. f4 exf4 18. gxf4 Bxe4 19. Bxe4 Re8 20. Ne5 Nxe5 21. fxe5 Bxe5 22. Bg5 Bxb2 23. Rd1 Qc7 24. Bxf6 Bxf6 25. Rxf6 gxf6 26. Qh4 f5 27. Bxf5 Qe5 28. Qxh7+ Kf8 29. Kh1 Qg7 30. Qh5 Re5 31. Nd4 Rae8 32. Nf3 Re2 33. Rg1 Qf6 34. Ng5 R8e5 35. Nh7+ Ke7 36. Nxf6 Kxf6 37. Qg5# 1-0


[Site "https://www.chess.com"]

[Event "Titled Tuesday Blitz March 21 Late 2023"]
[White "Gharibyan, Mamikon"]
[Black "Domingo Nunez, Ruben"]
[WhiteFideId "13308300"]
[BlackFideId "22245570"]
[WhiteElo "2445"]
[BlackElo "2404"]
[Result "1-0"]
[Round "11"]
[TimeControl "180+2"]
[Date "2023.03.21"]
[WhiteClock "0:00:07"]
[BlackClock "0:00:02"]

1. e4 g6 2. h4 Bg7 3. h5 d5 4. Nc3 dxe4 5. Nxe4 Qd5 6. d3 Bf5 7. h6 Be5 8. Nc3 Qe6 9. Be2 Nc6 10. Be3 Nf6 11. Nf3 Ng4 12. Nxe5 Nxe3 13. fxe3 Qxe5 14. Kf2 O-O-O 15. Bf3 Qf6 16. Qe2 Ne5 17. Raf1 Ng4+ 18. Kg1 Qg5 19. e4 Be6 20. Bxg4 Bxg4 21. Qf2 Kb8 22. Qxf7 Bf5 23. Nd1 Rhf8 24. Qc4 Bg4 25. Nf2 Qe3 26. Qc3 Be2 27. Qe1 Rf7 28. Rh3 Qc5 29. Qxe2 Rdf8 30. c3 b5 31. d4 Qb6 32. e5 e6 33. Rf3 1-0


[Site "https://www.chess.com"]

[Event "Titled Tuesday Blitz March 21 Late 2023"]
[White "Costachi, Mihnea"]
[Black "Vlassov, Nikolai"]
[WhiteFideId "1217518"]
[BlackFideId "4103360"]
[WhiteElo "2456"]
[BlackElo "2324"]
[Result "0-1"]
[Round "11"]
[TimeControl "180+2"]
[Date "2023.03.21"]
[WhiteClock "0:00:01"]
[BlackClock "0:00:03"]

1. Nc3 d5 2. d4 Nf6 3. Bf4 e6 4. e3 Bb4 5. Bd3 c5 6. dxc5 Bxc3+ 7. bxc3 Qa5 8. Ne2 Qxc5 9. O-O O-O 10. Rb1 a6 11. a4 Nc6 12. Bg5 Ne4 13. Bf4 e5 14. Bg3 Bg4 15. Bxe4 dxe4 16. Rxb7 Rab8 17. Rxb8 Rxb8 18. f3 exf3 19. gxf3 Bh3 20. Rf2 Qxe3 21. f4 Rd8 22. Qe1 Rd2 23. fxe5 Rxc2 24. Bf4 Qe4 25. Qd1 Rb2 26. Ng3 Rb1 27. Bc1 Qxe5 28. Qd2 h6 29. Ne2 Qe4 30. Ng3 Qxa4 31. Ne2 Ne5 32. Qd8+ Kh7 33. Qd2 Qg4+ 34. Ng3 g6 35. Qc2 Ra1 36. Kh1 Qc4 0-1


[Site "https://www.chess.com"]

[Event "Titled Tuesday Blitz March 21 Late 2023"]
[White "Ashraf, Artin"]
[Black "Papasimakopoulos, Alexandros"]
[WhiteFideId "22514805"]
[BlackFideId "4244125"]
[WhiteElo "2188"]
[BlackElo "2359"]
[Result "1-0"]
[Round "11"]
[TimeControl "180+2"]
[Date "2023.03.21"]
[WhiteClock "0:00:16"]
[BlackClock "0:00:04"]

1. Nf3 f5 2. d3 d6 3. g3 Nc6 4. Bg2 Nf6 5. O-O g6 6. c4 Bg7 7. Nc3 a5 8. d4 O-O 9. d5 Nb4 10. Nd4 Na6 11. b3 Nc5 12. Bb2 e5 13. dxe6 c6 14. Qd2 Qe7 15. Rad1 Rd8 16. Bxc6 bxc6 17. Nxc6 Qe8 18. Nxd8 Qxd8 19. e7 Qd7 20. Nd5 Nfe4 21. Qc1 Bb7 22. Bxg7 Bxd5 23. Ba1 Bb7 24. Qb2 Qxe7 25. Qh8+ Kf7 26. Qxh7+ Ke8 27. Qxg6+ Qf7 28. Qxf7+ Kxf7 29. f3 Ke6 30. fxe4 Bxe4 31. Bd4 a4 32. b4 Nb7 33. a3 Nd8 34. Rc1 Rc8 35. b5 Nb7 36. Rf4 Na5 37. Rc3 Nb3 38. e3 Na5 39. g4 Nb3 40. g5 Kf7 41. h4 Kg6 42. Kh2 Nd2 43. Kg3 Kh5 44. b6 Bb7 45. Rc1 Ne4+ 46. Kh2 Rf8 47. Rb1 Nd2 48. Rb5 Be4 49. b7 Rb8 50. Rxe4 Nxe4 51. Ba7 Rxb7 52. Rxb7 Kxh4 53. g6 Kg5 54. g7 Nf6 55. Bd4 Kg6 56. Bxf6 Kxf6 57. g8=Q f4 58. Qf7+ Kg5 59. Qxf4+ Kh5 60. Rh7+ Kg6 61. Rh6+ Kg7 62. Qf6+ Kg8 63. Rg6+ Kh7 64. Rg7+ Kh8 65. Qh6# 1-0


[Site "https://www.chess.com"]

[Event "Titled Tuesday Blitz March 21 Late 2023"]
[White "Galaktionov, Artem"]
[Black "Lamard, Guillaume"]
[WhiteFideId "24175471"]
[BlackFideId "600261"]
[WhiteElo "2340"]
[BlackElo "2413"]
[Result "0-1"]
[Round "11"]
[TimeControl "180+2"]
[Date "2023.03.21"]
[WhiteClock "0:00:04"]
[BlackClock "0:00:32"]

1. d4 Nf6 2. Nf3 e6 3. c4 d5 4. Nc3 c6 5. e3 Nbd7 6. Qc2 Bd6 7. Be2 O-O 8. O-O b6 9. b3 Bb7 10. Bb2 Qe7 11. Rfe1 Rfe8 12. e4 dxe4 13. Nxe4 Nxe4 14. Qxe4 Nf6 15. Qc2 c5 16. d5 exd5 17. cxd5 Qe4 18. Bd3 Qf4 19. Bxf6 Qxf6 20. Bxh7+ Kf8 21. Be4 Re7 22. Rad1 Rae8 23. h3 Qf4 24. g3 Qf6 25. Kg2 g6 26. Re3 Qg7 27. Nh4 Kg8 28. Re2 Ba6 29. Re3 f5 30. Bxf5 Rxe3 31. fxe3 Rxe3 32. Be6+ Kh7 33. Nf3 Re2+ 34. Qxe2 Bxe2 35. Re1 Bxf3+ 36. Kxf3 Qc3+ 37. Re3 Qd2 38. Re2 Qg5 39. Re3 Qxg3+ 40. Ke2 Qh2+ 41. Kd3 Qxa2 42. Ke4 Qc2+ 43. Kf3 a5 44. Bd7 Qd1+ 45. Kf2 Qd2+ 46. Kf3 Qh2 47. Bg4 Qf4+ 48. Ke2 Kh6 49. Re6 c4 50. bxc4 Qxc4+ 51. Kf3 Qxd5+ 52. Kf2 a4 0-1


[Site "https://www.chess.com"]

[Event "Titled Tuesday Blitz March 21 Late 2023"]
[White "Raja Rithvik R"]
[Black "Jaferian, Koosha"]
[WhiteFideId "35007394"]
[BlackFideId "12507440"]
[WhiteElo "2402"]
[BlackElo "2107"]
[Result "0-1"]
[Round "11"]
[TimeControl "180+2"]
[Date "2023.03.21"]
[WhiteClock "0:00:45"]
[BlackClock "0:00:26"]

1. b3 d5 2. Bb2 Bf5 3. e3 Nf6 4. f4 e6 5. Nf3 a5 6. a4 h6 7. Be2 Be7 8. Ne5 Nbd7 9. O-O Nxe5 10. fxe5 Nd7 11. d3 O-O 12. Nd2 f6 13. exf6 Bxf6 14. Bxf6 Rxf6 15. e4 Bg6 16. Qe1 Qe7 17. Qg3 Qc5+ 18. Kh1 Qxc2 19. Rxf6 Nxf6 20. Qxg6 Qxd2 21. Bg4 Re8 22. Rd1 Qg5 23. Qxg5 hxg5 24. Bf3 g4 25. Be2 dxe4 26. dxe4 Nxe4 27. Rd4 Nf6 28. Bxg4 c5 29. Rc4 Nxg4 30. Rxg4 Rd8 31. Kg1 Rd3 0-1


[Site "https://www.chess.com"]

[Event "Titled Tuesday Blitz March 21 Late 2023"]
[White "Kobo, Ori"]
[Black "Medina Paz, Miguel"]
[WhiteFideId "2812320"]
[BlackFideId "7300379"]
[WhiteElo "2447"]
[BlackElo "2428"]
[Result "1/2-1/2"]
[Round "11"]
[TimeControl "180+2"]
[Date "2023.03.21"]
[WhiteClock "0:00:56"]
[BlackClock "0:01:29"]

1. e4 e6 2. d4 d5 3. Nc3 Bb4 4. e5 c5 5. a3 Bxc3+ 6. bxc3 Ne7 7. h4 Nbc6 8. h5 Qa5 9. Bd2 Bd7 10. h6 gxh6 11. Nf3 O-O-O 12. Rxh6 Rdg8 13. Rf6 Rg7 14. a4 h5 15. Qb1 Nf5 16. Qb5 cxd4 17. Qxa5 Nxa5 18. cxd4 Nc4 19. Bb4 a5 20. Bc3 b6 21. Nd2 Nxd2 22. Kxd2 h4 23. Ra3 Be8 24. Bb2 Rg4 25. Rc3+ Kb7 26. Rd3 Rh7 1/2-1/2


[Site "https://www.chess.com"]

[Event "Titled Tuesday Blitz March 21 Late 2023"]
[White "Pakleza, Zbigniew"]
[Black "Marjanovic, Annamaria"]
[WhiteFideId "1119290"]
[BlackFideId "750930"]
[WhiteElo "2410"]
[BlackElo "2212"]
[Result "1-0"]
[Round "11"]
[TimeControl "180+2"]
[Date "2023.03.21"]
[WhiteClock "0:00:20"]
[BlackClock "0:00:18"]

1. d4 d5 2. Bf4 Nf6 3. e3 c5 4. c3 e6 5. Nd2 Bd6 6. Bg3 O-O 7. Ngf3 Nc6 8. Bd3 c4 9. Bc2 b5 10. a3 a5 11. e4 dxe4 12. Nxe4 Nxe4 13. Bxe4 Bb7 14. Qe2 Re8 15. O-O Rb8 16. Rfd1 Bxg3 17. hxg3 Qf6 18. a4 bxa4 19. Qxc4 Rec8 20. Qxa4 Ne7 21. Bxb7 Rxb7 22. Rd2 Rcb8 23. Qxa5 h6 24. Ne5 Nf5 25. b4 Nd6 26. Rc2 Qf5 27. Rac1 Nb5 28. Nc6 Rc8 29. Qa6 Rbc7 30. Qxc8+ Rxc8 31. Ne7+ Kf8 32. Nxf5 exf5 33. d5 Ke7 34. c4 Nd4 35. Rd2 Nb3 36. Re1+ Kd6 37. Rd3 1-0


[Site "https://www.chess.com"]

[Event "Titled Tuesday Blitz March 21 Late 2023"]
[White "Poliakova, Varvara"]
[Black "Holt, Conrad"]
[WhiteFideId "13518313"]
[BlackFideId "2034387"]
[WhiteElo "2075"]
[BlackElo "2592"]
[Result "1-0"]
[Round "11"]
[TimeControl "180+2"]
[Date "2023.03.21"]
[WhiteClock "0:00:41"]
[BlackClock "0:00:06"]

1. e4 e6 2. d4 d5 3. e5 c5 4. c3 Nc6 5. a3 Bd7 6. Nf3 f6 7. Be2 Qc7 8. Bf4 Nge7 9. h4 Ng6 10. Bh2 fxe5 11. dxe5 Ngxe5 12. Nxe5 Nxe5 13. c4 d4 14. Nd2 Bd6 15. Ne4 d3 16. Nxd6+ Qxd6 17. Bxe5 Qxe5 18. Qxd3 O-O-O 19. O-O Bc6 20. Qe3 Qxe3 21. fxe3 Rd2 22. Bf3 Bxf3 23. Rxf3 Rhd8 24. Raf1 R8d7 25. R1f2 Kd8 26. Rf8+ Kc7 27. g4 Rd1+ 28. Kg2 Rc1 29. R8f7 Rd1 30. g5 g6 31. b4 cxb4 32. axb4 b6 33. b5 Rxf7 34. Rxf7+ Rd7 35. Rf2 Kd6 36. Rd2+ Ke7 37. Ra2 Rc7 38. Ra4 Kd6 39. Kf3 Ke5 40. Kf2 Rf7+ 41. Ke2 Kf5 42. c5 Ke5 43. c6 Kd5 44. Rd4+ Kc5 45. Rd7 Rf8 46. c7 Rc8 47. Rxh7 Kxb5 48. h5 Kc6 49. hxg6 Rg8 50. Rf7 Kb7 51. g7 1-0


[Site "https://www.chess.com"]

[Event "Titled Tuesday Blitz March 21 Late 2023"]
[White "Kuznetsov, Felix"]
[Black "Domingo Nunez, Alejandro"]
[WhiteFideId "34147990"]
[BlackFideId "22245561"]
[WhiteElo "2235"]
[BlackElo "2230"]
[Result "1-0"]
[Round "11"]
[TimeControl "180+2"]
[Date "2023.03.21"]
[WhiteClock "0:00:02"]
[BlackClock "0:00:02"]

1. e4 g6 2. d4 Bg7 3. Nc3 c6 4. f4 d5 5. e5 f6 6. Nf3 Nh6 7. Be3 O-O 8. Be2 Bg4 9. O-O Nf5 10. Bf2 fxe5 11. dxe5 e6 12. b4 Nd7 13. a4 a5 14. b5 Ne7 15. Ng5 Bf5 16. Bg4 Qe8 17. Nxe6 Bxe6 18. Bxe6+ Kh8 19. bxc6 bxc6 20. Bh4 Nc5 21. Bh3 Nf5 22. Bf2 d4 23. Bxf5 Rxf5 24. Qxd4 Ne6 25. Qe3 Rxf4 26. Bg3 Rc4 27. Ne4 Qe7 28. Nd6 Rxc2 29. Rf7 Qg5 30. Qb3 Qd2 31. Rf2 Rc1+ 32. Rxc1 Qxc1+ 33. Rf1 Qc5+ 34. Kh1 Qd5 35. Qb7 Rf8 36. Nf7+ Kg8 37. Qe7 Qc4 38. Rd1 Rxf7 39. Qe8+ Nf8 40. h3 Qe6 41. Qa8 Bxe5 42. Re1 Rf5 43. Qxa5 1-0


[Site "https://www.chess.com"]